 Dungeon Crawl Stone Soup version 0.28-a0-643-g84cb2ea78e (webtiles) character file.

Game seed: 3713096801994958572

7651 Demosthentine the Spear-Bearer (level 11, -28/89 HPs)
             Began as a Merfolk Gladiator on Oct 11, 2021.
             Was an Elder of the Shining One.
             Annihilated by a two-headed ogre (35 damage)
             ... on level 9 of the Dungeon.
             The game lasted 00:12:56 (8396 turns).

Demosthentine the Spear-Bearer (Merfolk Gladiator)  Turns: 8396, Time: 00:12:57

Health: -28/89     AC: 10    Str: 23    XL:     11   Next: 18%
Magic:  20/20      EV: 20    Int:  7    God:    the Shining One [****..]
Gold:   2031       SH:  0    Dex: 19    Spells: 10/10 levels left

rFire   . . .      SeeInvis .   a - +1 trident
rCold   . . .      Faith    .   (no shield)
rNeg    + + .      Spirit   .   s - +0 steam dragon scales
rPois   .          Reflect  .   c - +0 helmet
rElec   .          Harm     .   n - +1 cloak
rCorr   .          Rampage  .   (no gloves)
Will    .....                   (no boots)
Stlth   +.........              q - amulet of the acrobat
HPRegen 1.24/turn               g - +6 ring of strength
MPRegen 0.17/turn               j - ring of magical power

@: hasted and slowed, glowing
A: (nimble swimmer 2), mertail, agile 1, regeneration 1
a: Renounce Religion, Divine Shield, Cleansing Flame


You were on level 9 of the Dungeon.
You worshipped the Shining One.
The Shining One was greatly pleased with you.
You visited 2 branches of the dungeon, and saw 10 of its levels.
You also visited: Ossuary and Bailey.

You collected 2196 gold pieces.
You spent 165 gold pieces at shops.

Inventory:

Hand Weapons
 a - a +1 trident (weapon)
Missiles
 b - 3 throwing nets (quivered)
Armour
 c - a +0 helmet (worn)
 n - a +1 cloak (worn)
 s - +0 steam dragon scales (worn)
Jewellery
 g - a +6 ring of strength (left hand)
 j - a ring of magical power (right hand)
 q - an amulet of the acrobat (around neck)
Wands
 i - a wand of digging (7)
 p - a wand of flame (9)
 r - a wand of iceblast (10)
 w - a wand of mindburst (9)
Scrolls
 d - a scroll of brand weapon {unknown}
 e - 9 scrolls of teleportation
 m - a scroll of identify
 y - a scroll of enchant armour
Potions
 f - 3 potions of haste
 h - a potion of magic
 o - 3 potions of mutation
 t - a potion of cancellation
 u - 2 potions of curing
 v - 3 potions of flight
 x - 2 potions of might


   Skills:
 + Level 9.5 Fighting
 + Level 12.7 Polearms
 - Level 2.0 Throwing
 - Level 6.4 Armour
 + Level 11.8 Dodging
 + Level 0.2 Invocations


You had 10 spell levels left.
You didn't know any spells.
Your spell library contained the following spells:

 Spells                   Type           Power      Damage    Failure   Level
 Animate Skeleton         Necr           0%         N/A       43%         1
 Foxfire                  Conj/Fire      0%         2x1d4     43%         1
 Magic Dart               Conj           0%         1d3       43%         1
 Pain                     Necr           0%         1d4       43%         1
 Call Imp                 Summ           0%         N/A       56%         2
 Corpse Rot               Necr/Air       N/A        N/A       56%         2
 Conjure Flame            Conj/Fire      0%         6-21      80%         3
 Inner Flame              Hex/Fire       0%         N/A       80%         3
 Mephitic Cloud           Conj/Pois/Air  0%         N/A       80%         3
 Stone Arrow              Conj/Erth      0%         3d7       80%         3
 Vampiric Draining        Necr           0%         2d6       80%         3
 Animate Armour           Summ/Erth      0%         N/A       99%         4
 Cause Fear               Hex            0%         N/A       99%         4
 Dispel Undead            Necr           0%         3d6       99%         4
 Flame Wave               Conj/Fire      0%         3d3       99%         4
 Summon Lightning Spire   Summ/Air       0%         N/A       99%         4
 Borgnjor's Vile Clutch   Necr/Erth      0%         N/A       100%        5
 Death Channel            Necr           0%         N/A       100%        6
 Simulacrum               Ice/Necr       0%         N/A       100%        6
 Dragon Form              Tmut           0%         N/A       100%        7
 Storm Form               Tmut/Air       0%         N/A       100%        7
 Lehudib's Crystal Spear  Conj/Erth      0%         10d2      100%        8
 Maxwell's Capacitive Co  Air            0%         ∞         100%        8
 Necromutation            Tmut/Necr      0%         N/A       100%        8
 Dragon's Call            Summ           0%         N/A       100%        9


Dungeon Overview and Level Annotations

Branches:
Dungeon (9/15)             Temple (1/1) D:5            Lair (0/6) D:8
Ossuary (visited)          Bailey (visited)
    Orc: D:9-12

Altars:
Ashenzari
Cheibriados
Dithmenos
Elyvilon
Fedhas
Gozag
Hepliaklqana
Kikubaaqudgha
Makhleb
Nemelex Xobeh
Okawaru
Qazlal
Ru
Sif Muna
Trog
Uskayaw
Vehumet
Wu Jian
Xom
Yredelemnul
Zin
The Shining One

Shops:
D:1 (   D:7 ?


Innate Abilities, Weirdness & Mutations

((You are quick and stealthy near water. (Stealth+, EV+, Speed+++)))
Your lower body shifts to a powerful aquatic tail in water.
You are agile. (Dex +2)
Your natural rate of healing is unusually fast.


Message History

You hit the two-headed ogre.
The two-headed ogre is lightly wounded.
There are monsters nearby!
You completely miss the two-headed ogre.
The two-headed ogre is lightly wounded.
You hit the two-headed ogre but do no damage.
The two-headed ogre is lightly wounded.
The two-headed ogre hits you with a +0 giant spiked club!!
The two-headed ogre misses you.
A yak comes into view.
The yak bellows!
You puncture the two-headed ogre!
The two-headed ogre is moderately wounded.
The two-headed ogre barely misses you.
The two-headed ogre hits you with a +0 giant club!!
You hit the two-headed ogre.
The two-headed ogre is moderately wounded.
The two-headed ogre hits you with a +0 giant spiked club.
The two-headed ogre hits you with a +0 giant club!!
* * * LOW HITPOINT WARNING * * *
You are too injured to fight recklessly!
You are too injured to fight recklessly!
Unknown command.
The two-headed ogre misses you.
The two-headed ogre completely misses you.
The two-headed ogre closely misses you.
The two-headed ogre hits you with a +0 giant club!!
* * * LOW HITPOINT WARNING * * *
The two-headed ogre misses you.
The two-headed ogre hits you with a +0 giant club!!
The Shining One protects you from harm! The yak completely misses you.
The yak misses you.
The yak snorts and paws the ground.
The two-headed ogre completely misses you.
The two-headed ogre hits you with a +0 giant club!
* * * LOW HITPOINT WARNING * * *
You feel yourself speed up.
The two-headed ogre hits you with a +0 giant spiked club!!
You die...

.....# #<....# #..[......#
.###.# ####.....## #.....)...#
.###[####.........###..########
..........##......#....#
..........##......#...##
..........##....(.#...#
.###.####.#.".....#...# ## #.#
#.#.#...###...# ..#
#.#.....@OYY..+ ####
#.#.....###Y..# ..#.....# #####
#.....# #.....# #..#### #.. #.


You could see a two-headed ogre and 3 yaks.

Vanquished Creatures
  Gastronok (D:9)
  Harold (D:8)
  A komodo dragon (D:8)
  Maggie (D:8)
  A hornet (D:7)
  A meliai zombie (D:6)
  Sigmund (D:6)
  Eustachio (D:6)
  Menkaure (D:5)
  A steam dragon (D:8)
  5 water moccasins
  A sky beast (D:5)
  An ice beast (D:6)
  8 orc warriors
  4 black bears
  4 centaurs
  2 ogres (D:5)
  3 elf zombies
  2 phantoms
  A kobold brigand (D:8)
  5 bullfrogs (D:8)
  2 elf skeletons (D:8)
  3 scorpions (D:6)
  A howler monkey (D:5)
  5 centaur zombies
  3 human zombies
  2 bullfrog zombies
  2 jellies
  3 hounds
  3 centaur skeletons
  Natasha (twice) (D:3)
  2 iguanas
  6 orc wizards
  A killer bee zombie (D:8)
  A howler monkey zombie (D:5)
  2 mummies (Ossuary)
  5 gnolls
  7 adders
  A shadow imp (D:4)
  3 ufetubi
  2 worms (D:2)
  4 dart slugs
  13 orcs
  4 bats
  6 endoplasms
  4 giant cockroaches
  10 goblins
  8 hobgoblins
  10 jackals
  24 kobolds
  A quokka (D:1)
  7 ball pythons
  5 frilled lizards
  3 goblin zombies (Ossuary)
  10 hobgoblin zombies (Ossuary)
  2 jackal zombies (Ossuary)
  9 kobold zombies (Ossuary)
  8 orc zombies (Ossuary)
  A rat (D:1)
231 creatures vanquished.

Vanquished Creatures (others)
  38 fungi (D:8)
  34 plants (D:8)
72 creatures vanquished.

Grand Total: 303 creatures vanquished

Notes
Turn   | Place    | Note
-------+----------+-------------------------------------------
     0 | D:1      | Demosthentine the Merfolk Gladiator began the quest for the
                  | Orb.
     0 | D:1      | Reached XP level 1. HP: 16/16 MP: 1/1
   107 | D:1      | Reached XP level 2. HP: 19/23 MP: 2/2
   609 | D:1      | Found Mankel's Antique Weapon Emporium.
   622 | D:1      | Reached XP level 3. HP: 28/28 MP: 3/3
   733 | D:1      | Found a faded altar of an unknown god.
  1313 | D:2      | Reached skill level 1 in Armour
  1351 | D:2      | You fall into a shaft and drop 1 floor!
  1365 | D:3      | Reached skill level 5 in Polearms
  1449 | D:3      | Reached XP level 4. HP: 34/34 MP: 4/4
  2006 | D:2      | Reached skill level 5 in Dodging
  2293 | D:2      | Reached XP level 5. HP: 34/41 MP: 5/5
  2992 | D:3      | Found a stormy altar of Qazlal.
  3045 | D:3      | Noticed Natasha
  3054 | D:3      | Killed Natasha
  3384 | D:3      | Noticed Natasha
  3393 | D:3      | Killed Natasha
  3394 | D:3      | Reached XP level 6. HP: 6/48 MP: 6/6
  3674 | D:4      | Reached skill level 6 in Polearms
  3917 | D:4      | Gained mutation: Your natural rate of healing is unusually
                  | fast. [potion of mutation]
  3917 | D:4      | Gained mutation: You are agile. (Dex +2) [potion of
                  | mutation]
  4339 | D:5      | Entered Level 5 of the Dungeon
  4425 | D:5      | Reached XP level 7. HP: 55/55 MP: 7/7
  4444 | D:5      | Noticed Menkaure
  4456 | D:5      | Killed Menkaure
  4457 | D:5      | Reached skill level 7 in Polearms
  4534 | D:5      | Reached skill level 5 in Fighting
  4603 | D:5      | Reached XP level 8. HP: 59/62 MP: 8/8
  4986 | D:5      | Found a staircase to the Ecumenical Temple.
  4995 | Temple   | Entered the Ecumenical Temple
  5099 | Temple   | Became a worshipper of the Shining One
  5223 | D:5      | Identified a scroll of acquirement
  5223 | D:5      | Acquired 1119 gold pieces
  5247 | D:6      | Noticed Sigmund
  5255 | D:6      | Killed Sigmund
  5256 | D:6      | Reached skill level 8 in Polearms
  5329 | D:6      | Noticed Eustachio
  5365 | D:6      | Killed Eustachio
  5479 | D:6      | Reached skill level 9 in Polearms
  5479 | D:6      | Reached XP level 9. HP: 44/70 MP: 9/9
  5879 | D:7      | Found Witim's Magic Scroll Boutique.
  5927 | D:7      | Found a flagged portal.
  5937 | Bailey   | Entered a bailey
  6073 | Bailey   | Got Madenaor's Compendium of Evil
  6245 | Bailey   | Reached skill level 10 in Polearms
  6387 | D:7      | Noticed a hornet
  6398 | D:7      | Killed a hornet
  6404 | D:7      | Reached * piety under the Shining One
  6450 | D:7      | Reached skill level 5 in Armour
  6569 | D:7      | Bought a scroll of teleportation for 33 gold pieces
  6569 | D:7      | Bought a scroll of teleportation for 33 gold pieces
  6569 | D:7      | Bought a scroll of teleportation for 33 gold pieces
  6569 | D:7      | Bought a scroll of teleportation for 33 gold pieces
  6569 | D:7      | Bought a scroll of teleportation for 33 gold pieces
  6779 | D:7      | Reached XP level 10. HP: 80/80 MP: 10/10
  6810 | D:8      | Noticed Maggie
  6829 | D:8      | Killed Maggie
  6830 | D:8      | Reached skill level 10 in Dodging
  6838 | D:8      | Reached skill level 11 in Polearms
  6947 | D:8      | Found a staircase to the Lair.
  7175 | D:8      | Reached ** piety under the Shining One
  7189 | D:8      | Found a sand-covered staircase.
  7203 | Ossuary  | Entered an ossuary
  7258 | Ossuary  | Reached *** piety under the Shining One
  7316 | Ossuary  | Reached **** piety under the Shining One
  7730 | D:8      | Reached skill level 12 in Polearms
  8015 | D:8      | Noticed Harold
  8042 | D:8      | Killed Harold
  8043 | D:8      | Reached XP level 11. HP: 46/89 MP: 11/11
  8258 | D:9      | Noticed Gastronok
  8293 | D:9      | HP: 2/89 [Gastronok/the air (17)]
  8303 | D:9      | Killed Gastronok
  8376 | D:9      | Noticed a two-headed ogre
  8391 | D:9      | The Shining One protects you from harm!
  8394 | D:9      | HP: 3/89 [two-headed ogre (12)]
  8396 | D:9      | Annihilated by a two-headed ogre

Illustrated notes

Levels and vault maps discovered:
D:1:      lightli_arrival_chessboard, layout_loops_ring, serial_shops,
          nicolae_shop_crystal, shapermc_ecumenical_altar_notcrosses
D:2:      layout_basic
D:3:      layout_basic, nicolae_qazlal_eye_of_the_storm, uniq_natasha
D:4:      layout_rooms, minmay_misc_feat_tower, minivault_1
D:5:      layout_rooms, minmay_temple_entry_fiery, uniq_menkaure
D:6:      layout_rooms, kennysheep_dice, uniq_eustachio, uniq_sigmund
D:7:      layout_rooms, enter_bailey_2, serial_shops,
          nicolae_inconvenience_store, glass_columns_b, grunt_decor_arrowhead
D:8:      layout_basic, due_lair_maze_entry_diamond,
          nicolae_ossuary_entry_catacombs, minmay_holes,
          kb_lookout_dungeons_type, uniq_maggie, uniq_harold
D:9:      layout_basic, evilmike_minifort, uniq_gastronok, uniq_erica
Temple:   kilobyte_greek_temple

Skill      XL: |  1  2  3  4  5  6  7  8  9 10 |
---------------+-------------------------------+-----
Armour         | 1 2 3 4 5 6 |  6.4
Polearms       | 5 6 7 9 10 12 | 12.7
Fighting       | 3 4 5 6 7 9 |  9.5
Dodging        | 5 6 7 8 9 11 | 11.8
Throwing       | |  2.0
Invocations    | |  0.2

Action                   |  1- 3 |  4- 6 |  7- 9 | 10-12 || total
-------------------------+-------+-------+-------+-------++-------
Melee: Trident           |   137 |   205 |   329 |   395 ||  1066
       Tailslap          |       |       |     7 |       ||     7
Throw: Throwing net      |       |     1 |     2 |     4 ||     7
  Use: Scroll            |     1 |     5 |     3 |     4 ||    13
       Potion            |       |     9 |       |     5 ||    14
 Stab: Sleeping          |       |     5 |       |       ||     5
       Held in net/web   |       |     3 |     1 |       ||     4
Armor: Leather armour    |    28 |    53 |    44 |     3 ||   128
       Skin              |       |     7 |       |       ||     7
       Steam dragon scal |       |       |       |    56 ||    56
Dodge: Dodged            |    66 |   141 |   212 |   225 ||   644

Table legend: (Time is in decaauts)
 A = Elapsed time spent in this place.
 B = Non-inter-level travel time spent in this place.
 C = Inter-level travel time spent in this place.
 D = Time resting spent in this place.
 E = Time spent auto-exploring this place.
 F = Levels seen in this place.
 G = Mean time per level.
                   A        B        C        D        E       F      G
               +--------+--------+--------+--------+--------+-----+--------+
         Total |   8243 |   7944 |    299 |    537 |   5479 |  12 |  686.9 |
       Dungeon |   7426 |   7127 |    299 |    537 |   4964 |   9 |  825.1 |
        Temple |    226 |    226 |      0 |      0 |    204 |   1 |  226.0 |
       Ossuary |    218 |    218 |      0 |      0 |     94 |   1 |  218.0 |
        Bailey |    372 |    372 |      0 |      0 |    216 |   1 |  372.0 |
               +--------+--------+--------+--------+--------+-----+--------+

Top non-repeatable levels by time:
     D:1: 1437 daAuts
     D:3: 1261 daAuts
     D:8: 1104 daAuts
     D:2: 875 daAuts
     D:4: 761 daAuts
     D:5: 672 daAuts
     D:7: 566 daAuts
     D:6: 545 daAuts
  Bailey: 372 daAuts
  Temple: 226 daAuts
 Ossuary: 218 daAuts
     D:9: 201 daAuts
